 Dungeon Crawl Stone Soup version 0.22-a0-479-gc6e99f3 (webtiles) character file.

82 Tallim the Poker (level 4, -6/34 HPs)
             Began as a Merfolk Gladiator on June 14, 2018.
             Was an Initiate of Vehumet.
             Mangled by junkhipster's ghost (7 damage)
             ... on level 3 of the Dungeon.
             The game lasted 00:07:32 (2096 turns).

Tallim the Poker (Merfolk Gladiator)                Turns: 2096, Time: 00:07:32

Health: -6/34      AC:  8    Str: 14    XL:     4   Next: 43%
Magic:  4/4        EV: 11    Int:  8    God:    Vehumet [......]
Gold:   116        SH:  0    Dex: 15    Spells: 3/3 levels left

rFire    . . .     SeeInvis .   a - +0 trident
rCold    . . .     Gourm    .   (no shield)
rNeg     . . .     Faith    .   h - +0 scale mail
rPois    .         Spirit   .   c - +0 helmet
rElec    .         Reflect  .   (no cloak)
rCorr    .         Harm     .   (no gloves)
MR       .....                  i - +0 pair of boots
Stlth    ..........             (no amulet)
HPRegen  0.11/turn              (no ring)
MPRegen  0.09/turn              (no ring)

@: no status effects
A: change form in water, swift swim, stealthy swim
a: Renounce Religion


You were on level 3 of the Dungeon.
You worshipped Vehumet.
Vehumet was noncommittal.
You were not hungry.

You visited 1 branch of the dungeon, and saw 3 of its levels.

You collected 116 gold pieces.

Inventory:

Hand Weapons
 a - a +0 trident (weapon)
Missiles
 d - 2 throwing nets (quivered)
Armour
 b - a +0 leather armour
 c - a +0 helmet (worn)
 h - a +0 scale mail (worn)
 i - a +0 pair of boots (worn)
Jewellery
 g - an uncursed amulet of the acrobat {unknown}
Scrolls
 e - 3 scrolls of teleportation {unknown}
 j - 3 scrolls of identify {unknown}
 k - 3 scrolls of remove curse {unknown}
 m - a scroll of enchant weapon {unknown}
 n - a scroll of amnesia {unknown}
Potions
 o - a potion of degeneration {unknown}
 p - a potion of berserk rage {unknown}
Comestibles
 f - 6 rations


   Skills:
 + Level 2.9 Fighting
 + Level 5.2 Polearms
 + Level 2.2 Throwing
 + Level 0.7 Armour
 + Level 5.0 Dodging
 + Level 0.7 Stealth


You had 3 spell levels left.
You didn't know any spells.
Your spell library was empty.

Dungeon Overview and Level Annotations

Branches:
Dungeon (3/15)

Altars:
Ashenzari
Elyvilon
Vehumet

Annotations:
D:3 junkhipster's ghost, amateur GrFi


Message History

Junkhipster's ghost is severely damaged.
Junkhipster's ghost closely misses you.
You hit junkhipster's ghost but do no damage.
Junkhipster's ghost is severely damaged.
Junkhipster's ghost hits you!
* * * LOW HITPOINT WARNING * * *
You closely miss junkhipster's ghost.
Junkhipster's ghost is severely damaged.
Junkhipster's ghost hits you!
* * * LOW HITPOINT WARNING * * *
You hit junkhipster's ghost.
Junkhipster's ghost is almost destroyed.
Junkhipster's ghost closely misses you.
You hit junkhipster's ghost but do no damage.
Junkhipster's ghost is almost destroyed.
Junkhipster's ghost barely misses you.
You hit junkhipster's ghost but do no damage.
Junkhipster's ghost is almost destroyed.
Junkhipster's ghost hits you!
You die...

..K.................
.....#.!............
....................
.....(........#.....
....................
...##.............
....#.............
..............#####
..............W@.#
.....##...#.###.....#
..... ##.....##.....#
.... ##..รท.##.....#
... #.<)........# ###
#....##.....#
#....##.....#
#######.....# .


You could see junkhipster's ghost.

Vanquished Creatures
  Jessica (D:2)
  An adder (D:3)
  2 worms (D:2)
  A leopard gecko (D:2)
  An orc (D:3)
  6 bats
  A giant cockroach (D:2)
  A goblin (D:3)
  9 hobgoblins
  2 jackals (D:2)
  2 quokkas
  2 frilled lizards (D:1)
  4 kobolds
  8 rats
41 creatures vanquished.

Notes
Turn   | Place    | Note
-------+----------+-------------------------------------------
     0 | D:1      | Tallim the Merfolk Gladiator began the quest for the Orb.
     0 | D:1      | Reached XP level 1. HP: 16/16 MP: 1/1
   380 | D:1      | Reached XP level 2. HP: 23/23 MP: 2/2
  1006 | D:2      | Reached XP level 3. HP: 28/28 MP: 3/3
  1435 | D:2      | Reached skill level 5 in Dodging
  1493 | D:2      | Noticed Jessica
  1511 | D:2      | Killed Jessica
  1511 | D:2      | Reached skill level 5 in Polearms
  1511 | D:2      | Reached XP level 4. HP: 34/34 MP: 4/4
  1523 | D:2      | Found a white marble altar of Elyvilon.
  1525 | D:2      | Found a radiant altar of Vehumet.
  1526 | D:2      | Found a shattered altar of Ashenzari.
  1559 | D:2      | Became a worshipper of Vehumet
  2072 | D:3      | Noticed junkhipster's ghost (amateur GrFi)
  2093 | D:3      | HP: 1/34 [junkhipster's ghost (9)]
  2096 | D:3      | Mangled by junkhipster's ghost

Vault maps used:
D:1:      saegor_arrival_miasma, serial_aquarium, aquarium_bridge_square,
          aquarium_bridge_straight, aquarium_window_fake, aquarium_window_3,
          aquarium_window_fake, aquarium_view_2d, aquarium_view_2e,
          aquarium_balcony_3b, aquarium_pool_2
D:2:      grunt_temple_overflow_open, first_ration, uniq_jessica
D:3:      chequers_ecumenical_altar_simple, uniq_robin, uniq_natasha

Skill      XL: |  1  2  3 |
---------------+----------+-----
Dodging        | 5 |  5.0
Polearms       | 5 |  5.2
Fighting       | |  2.9
Throwing       | |  2.2
Armour         | |  0.7
Stealth        | |  0.7

Action                   |  1- 3 |  4- 6 || total
-------------------------+-------+-------++-------
Melee: Trident           |    99 |    73 ||   172
Throw: Throwing net      |     1 |     1 ||     2
 Stab: Sleeping          |     2 |       ||     2
       Held in net/web   |     2 |       ||     2
  Eat: Chunk             |     2 |     2 ||     4
Armor: Leather armour    |     6 |       ||     6
       Scale mail        |    10 |    25 ||    35
Dodge: Dodged            |    35 |    40 ||    75

Table legend:
 A = Spawn XP
 B = Non-spawn XP
 C = Spawn XP percentage of total XP
 D = Spawn monster count
 E = Non-spawn monster count
 F = Spawn count percentage of total count
 G = Total turns spent on level
                    A         B        C        D         E        F      G
               +---------+---------+-------+---------+---------+-------+---------
         Total |       0 |     118 |   0.0 |       0 |      41 |   0.0 |  2096
               +---------+---------+-------+---------+---------+-------+---------
           D:1 |       0 |      20 |   0.0 |       0 |      13 |   0.0 |   810
           D:2 |       0 |      72 |   0.0 |       0 |      19 |   0.0 |  1007
           D:3 |       0 |      26 |   0.0 |       0 |       9 |   0.0 |   279
               +---------+---------+-------+---------+---------+-------+---------
